 Dungeon Crawl Stone Soup version 0.27-a0-1060-gcb85b5eba1 (webtiles) character file.

Game seed: 7311250884604217644

227 Klosterheim the Magician (level 6, 0/45 HPs)
             Began as a Djinni Hedge Wizard on Apr 21, 2021.
             Slain by a hound (3 damage)
             ... on level 4 of the Dungeon.
             The game lasted 00:15:24 (6156 turns).

Klosterheim the Magician (Djinni Hedge Wizard)      Turns: 6156, Time: 00:15:26

Health: 0/45       AC:  2    Str:  9    XL:     6   Next: 2%
Gold:   106        EV: 13    Int: 18    God:
                   SH:  0    Dex: 12

rFire    + + .     SeeInvis .   h - +3 dagger
rCold    x . .     Faith    .   (no shield)
rNeg     . . .     Spirit   .   b - +0 robe
rPois    ∞         Reflect  .   c - +0 hat
rElec    .         Harm     .   m - scarf {+Inv}
rCorr    .         Rampage  .   (no gloves)
Will     .....                  (boots unavailable)
Stlth    ++........             (no amulet)
HPRegen  0.15/turn              (no ring)
MPRegen  0.00/turn              (no ring)

@: flying
A: fire resistance 2, cold vulnerability 1, float, innate caster, hp casting,
extra vitality 1
a: Evoke Invisibility


You were on level 4 of the Dungeon.
You visited 1 branch of the dungeon, and saw 4 of its levels.

You collected 106 gold pieces.

Inventory:

Hand Weapons
 h - a +3 dagger (weapon)
Armour
 b - a +0 robe (worn)
 c - a +0 hat (worn)
 m - a scarf of invisibility (worn)
Wands
 k - a wand of paralysis (6)
 n - a wand of iceblast (7)
Scrolls
 d - 3 scrolls of identify {unknown}
 e - a scroll of teleportation {unknown}
 f - a scroll of acquirement {unknown}
 g - a scroll of fog {unknown}
 l - a scroll of noise {unknown}
Potions
 a - a potion of curing {unknown}
 i - a potion of attraction {unknown}
 j - a potion of berserk rage {unknown}


   Skills:
 + Level 2.5 Fighting
 + Level 3.6 Dodging
 - Level 2.0 Stealth
 * Level 4.2 Spellcasting


You couldn't memorise any spells.
You knew the following spells:

 Your Spells              Type           Power      Damage    Failure   Level
a - Magic Dart            Conj           76%        1d6       2%          1
b - Blink                 Tloc           N/A        N/A       3%          2
c - Call Imp              Summ           19%        N/A       3%          2
d - Slow                  Hex            19%        N/A       3%          2
e - Conjure Flame         Conj/Fire      19%        6-21      8%          3
f - Mephitic Cloud        Conj/Pois/Air  19%        N/A       8%          3
g - Sandblast             Erth           38%        2d10      2%          1
h - Ensorcelled Hibernat  Hex/Ice        38%        N/A       3%          2
Your spell library was empty.

Dungeon Overview and Level Annotations

Branches:
Dungeon (4/15)
 Temple: D:4-7

Altars:

Shops:
D:3 (

Annotations:
D:2 1 runed translucent door, Crazy Yiuf, Sigmund


Innate Abilities, Weirdness & Mutations

You are immune to poison.
Your flesh is very heat resistant. (rF++)
You are vulnerable to cold. (rC-)
You float through the air rather than walking.
You learn spells naturally, not from books.
Your magical power is your life essence.
You have superior vitality. (+4 HP)


Message History

Confirm with . or Enter, or press ? or * to list all spells.
Aiming: Ensorcelled Hibernation (safe; 3% risk of failure)
Press: ? - help, Shift-Dir - straight line, f/p - hound
Aim: a hound (lightly wounded, chance to affect: 58%)
The hound resists with significant effort.
The hound bites you. The hound closely misses you.
Casting: Ensorcelled Hibernation (safe; 3% risk of failure)
Confirm with . or Enter, or press ? or * to list all spells.
Aiming: Ensorcelled Hibernation (safe; 3% risk of failure)
Press: ? - help, Shift-Dir - straight line, f/p - hound
Aim: a hound (lightly wounded, chance to affect: 58%)
The hound resists with significant effort.
The hound bites you.
Casting: Ensorcelled Hibernation (safe; 3% risk of failure)
Confirm with . or Enter, or press ? or * to list all spells.
Aiming: Ensorcelled Hibernation (safe; 3% risk of failure)
Press: ? - help, Shift-Dir - straight line, f/p - hound
Aim: a hound (lightly wounded, chance to affect: 58%)
The hound resists with significant effort.
The hound bites you but does no damage. The hound bites you.
* * * LOW HITPOINT WARNING * * *
Unknown command.
Casting: Ensorcelled Hibernation (safe; 3% risk of failure)
Confirm with . or Enter, or press ? or * to list all spells.
Aiming: Ensorcelled Hibernation (safe; 3% risk of failure)
Press: ? - help, Shift-Dir - straight line, f/p - hound
Aim: a hound (lightly wounded, chance to affect: 58%)
The hound resists with significant effort.
* * * LOW HITPOINT WARNING * * *
The hound bites you.
* * * LOW HITPOINT WARNING * * *
Casting: Ensorcelled Hibernation (safe; 3% risk of failure)
Confirm with . or Enter, or press ? or * to list all spells.
Aiming: Ensorcelled Hibernation (safe; 3% risk of failure)
Press: ? - help, Shift-Dir - straight line, f/p - hound
Aim: a hound (lightly wounded, chance to affect: 58%)
The hound resists with significant effort.
* * * LOW HITPOINT WARNING * * *
The hound barely misses you. The hound bites you.
You die...

.## ..........?. ...
.......... ...
........ ....
#...##......# ...#
##...##......# )..#
#....#.......# ....
#....#..$.h..# ....
#....#...@...# ....
####+###...##...##.#
...#
##.....##...##...##
.............'....#
.............#....+
......<......#....#
.
##...#..#..###..###
#. ### ####### #..#
## ....


You could see a hound.

Vanquished Creatures
  2 orc priests (D:3)
  2 gnolls (D:3)
  An adder skeleton (D:4)
  3 worms
  A dart slug (D:1)
  7 orcs
  4 ball pythons
  6 bats
  5 endoplasms
  4 giant cockroaches
  6 hobgoblins
  2 jackals (D:1)
  6 kobolds
  A quokka (D:1)
  3 frilled lizards
  6 rats
59 creatures vanquished.

Vanquished Creatures (collateral kills)
  A scorpion (D:3)
  4 gnolls (D:3)
  A ball python (D:3)
  A giant cockroach (D:1)
  A rat (D:2)
8 creatures vanquished.

Vanquished Creatures (others)
  5 fungi (D:2)
  5 plants (D:2)
10 creatures vanquished.

Grand Total: 77 creatures vanquished

Notes
Turn   | Place    | Note
-------+----------+-------------------------------------------
     0 | D:1      | Klosterheim the Djinni Hedge Wizard began the quest for the
                  | Orb.
     0 | D:1      | Reached XP level 1. HP: 15/15 MP: 0/0
   290 | D:1      | Reached XP level 2. HP: 18/22 MP: 0/0
   605 | D:1      | Reached skill level 3 in Spellcasting
   951 | D:1      | Reached XP level 3. HP: 21/26 MP: 0/0
   951 | D:1      | Learned a level 1 spell: Sandblast
  1024 | D:1      | Reached skill level 1 in Fighting
  1706 | D:2      | Found a runed translucent door.
  1707 | D:2      | Noticed Crazy Yiuf
  1916 | D:2      | Noticed Sigmund
  3084 | D:3      | Found Homaupp's Antique Weapon Shop.
  3172 | D:3      | Noticed a scorpion
  3188 | D:3      | Killed a scorpion
  3189 | D:3      | Reached XP level 4. HP: 3/33 MP: 0/0
  4533 | D:3      | Reached XP level 5. HP: 15/38 MP: 0/0
  4533 | D:3      | Learned a level 2 spell: Ensorcelled Hibernation
  4767 | D:3      | Reached skill level 4 in Spellcasting
  6133 | D:4      | Reached XP level 6. HP: 41/45 MP: 0/0
  6156 | D:4      | Slain by a hound

Illustrated notes

Levels and vault maps discovered:
D:1:      tarquinn_simple_flora_water_e, layout_rooms
D:2:      layout_basic, shapermc_ecumenical_altar_mp_urbaneastern, st_stairs_12,
          corexii_corridor_pit, skrybe_limestone_x, dk_vineyard_1,
          uniq_crazy_yiuf_cottage, uniq_sigmund
D:3:      layout_rooms, serial_shops, shop
D:4:      layout_gridville, elyvilon_altar_4

Skill      XL: |  1  2  3  4  5 |
---------------+----------------+-----
Spellcasting   | 3 4 |  4.2
Fighting       | 1 2 |  2.5
Stealth        | 2 |  2.0
Dodging        | 3 |  3.6

Action                   |  1- 3 |  4- 6 || total
-------------------------+-------+-------++-------
Melee: Rapier            |     2 |       ||     2
       Dagger            |       |     1 ||     1
 Cast: Magic Dart        |   116 |    64 ||   180
       Sandblast         |    11 |     6 ||    17
       Call Imp          |     3 |    10 ||    13
       Slow              |     1 |       ||     1
       Blink             |     1 |       ||     1
       Conjure Flame     |       |     4 ||     4
       Ensorcelled Hiber |       |     8 ||     8
  Use: Potion            |     3 |       ||     3
Armor: Robe              |     8 |     3 ||    11
Dodge: Dodged            |    28 |    13 ||    41

Table legend: (Time is in decaauts)
 A = Elapsed time spent in this place.
 B = Non-inter-level travel time spent in this place.
 C = Inter-level travel time spent in this place.
 D = Time resting spent in this place.
 E = Time spent auto-exploring this place.
 F = Levels seen in this place.
 G = Mean time per level.
                   A        B        C        D        E       F      G
               +--------+--------+--------+--------+--------+-----+--------+
         Total |   6161 |   5666 |    495 |   3328 |   1703 |   4 | 1540.2 |
       Dungeon |   6161 |   5666 |    495 |   3328 |   1703 |   4 | 1540.2 |
               +--------+--------+--------+--------+--------+-----+--------+

Top non-repeatable levels by time:
     D:3: 2384 daAuts
     D:1: 2021 daAuts
     D:2: 1703 daAuts
     D:4: 52 daAuts
